 Dungeon Sprint DCSS version 0.18-a0-1788-g92de1ac (webtiles) character file.

9751 Kidiri the Unseen (level 11, -1/60 HPs)
             Began as a Spriggan Assassin on Apr 20, 2016.
             Was an Elder of Dithmenos.
             Slain by a ghost moth (11 damage)
             ... in the Dungeon (Sprint IV: "Fedhas' Mad Dash").
             The game lasted 00:13:12 (2912 turns).

Kidiri the Unseen (Spriggan Assassin)               Turns: 2912, Time: 00:13:13

Health: -1/60      AC:  5    Str:  6 (7)  XL:     11   Next: 27%
Magic:  0/20       EV: 37    Int: 12      God:    Dithmenos [****..]
Gold:   64         SH:  6    Dex: 20 (22) Spells: 0 memorised, 10 levels left

rFire  . . .     SeeInvis +     d - +3 short sword
rCold  + . .     Gourm    .     c - +0 robe
rNeg   . . .     Faith    .     p - +0 buckler
rPois  .         Spirit   .     (helmet restricted)
rElec  .         Dismiss  .     n - +2 cloak {+Inv}
rCorr  .         Reflect  .     (gloves unavailable)
SustAt .         Harm     .     (boots unavailable)
MR     +....     NoTele   +     (no amulet)
Stlth  ++++++++++               l - ring of stealth
                                i - ring of the Komtur {+Inv rC+ EV+3}

@: very slightly contaminated, hasted, wreathed by umbra, very quick, somewhat
resistant to hostile enchantments, uncannily stealthy
A: unfitting armour, see invisible, herbivore 3, speed 3, slow metabolism 2
a: Shadow Step, Renounce Religion, Evoke Invisibility


You were in the Dungeon.
You worshipped Dithmenos.
Dithmenos was greatly pleased with you.
You were full.

You visited 1 branch You collected 225 gold pieces.
You spent 161 gold pieces at shops.

Inventory:

Hand Weapons
 b - a +0 blowgun
 d - a +3 short sword (weapon)
Missiles
 e - 4 poisoned needles
Armour
 c - a +0 robe (worn)
 n - a +2 cloak of invisibility (worn)
 p - a +0 buckler (worn)
Jewellery
 i - the ring of the Komtur (left hand) {+Inv rC+ EV+3}
   (You found it in the Dungeon)

   [ring of evasion]

   It affects your evasion (+3).
   It protects you from cold.
   It lets you turn invisible.
 l - a ring of stealth (right hand)
 s - the amulet "Osuez" {Inacc +Inv rF++ MR- Int+2}
   (You found it in the Dungeon)

   [amulet of inaccuracy]

   It reduces the accuracy of all your attacks.
   It affects your intelligence (+2).
   It greatly protects you from fire.
   It affects your resistance to hostile enchantments.
   It lets you turn invisible.
Scrolls
 a - a scroll of identify {unknown}
 m - a scroll of blinking
Potions
 h - a potion of curing
 k - 2 potions of magic
 o - a potion of cancellation {unknown}
Books
 q - a book of the Sky

   Spells                             Type                      Level
   a - Summon Lightning Spire         Summoning/Air                4
   b - Airstrike                      Air                          4
   c - Silence                        Hexes/Air                    5
   d - Deflect Missiles               Charms/Air                   6
   e - Conjure Ball Lightning         Conjuration/Air              6
   f - Tornado                        Air                          9
Comestibles
 f - 6 royal jellies
 g - 3 bread rations


   Skills:
 + Level 8.0 Fighting
 * Level 14.0 Short Blades
 + Level 9.7 Throwing
 * Level 17.3 Dodging
 * Level 19.1 Stealth
 + Level 6.4 Invocations
 + Level 11.4 Evocations


You had 10 spell levels left.
You didn't know any spells.

Dungeon Overview and Level Annotations

Branches:
Dungeon (1/1)

Altars:
Cheibriados
Dithmenos
Elyvilon
Gozag
Kikubaaqudgha
Makhleb
Nemelex Xobeh
Okawaru
Pakellas
Qazlal
Ru
Sif Muna
Trog
Vehumet
Xom
Yredelemnul
Zin
The Shining One
Beogh
Jiyva
Lugonu

Shops:
D ??(((=*=::*


Innate Abilities, Weirdness & Mutations

You are tiny and cannot use many weapons and most armour.
You have supernaturally acute eyesight.
You are a herbivore.
You cover ground extremely quickly.
You need consume almost no food.


Message History

You feel yourself speed up. The ghost moth stares at you.
You feel your power leaking away. The ghost moth completely misses you.
The ghost moth hits you.
* * * LOW HITPOINT WARNING * * *
You feel weakened. You block the ghost moth's attack.
The ghost moth stares at you. The ghost moth completely misses you.
The ghost moth closely misses you. The ghost moth stings you!
* * * LOW HITPOINT WARNING * * *
Unknown command.
You barely miss the ghost moth.
The ghost moth is moderately wounded.
The ghost moth looks more healthy.
You hit the ghost moth but do no damage.
The ghost moth is moderately wounded.
The ghost moth stares at you. The ghost moth completely misses you.
The ghost moth hits you!
You die...

#......♣.....#...##########
#.....♣..♣..######♣♣♣♣♣..♣.
##+####'######..'......♣..♣
#..#....'.......#♣..♣♣♣.♣..
#..#..###.......#.♣♣.(♣.).♣
###########################
#......................#
#∩%..................P.####
#∩........@y.)...(..)P.....
#∩...................P...##
###########+##############


You could see a ghost moth (invisible).

Vanquished Creatures
  Agnes (D)
  A spriggan defender (D)
  A spriggan berserker (D)
  A spriggan druid (D)
  6 oklob plants (D)
  3 burning bushes (D)
  2 demonic crawlers (D)
  A queen bee (D)
  3 wandering mushrooms (D)
  2 wasps (D)
  2 scorpions (D)
  4 killer bees (D)
  5 oklob saplings (D)
  A worker ant (D)
  7 spriggans (D)
  A river rat (D)
  A rat (D)
  A ballistomycete (D)
43 creatures vanquished.

Vanquished Creatures (others)
  A wasp (D)
  A giant spore (D)
2 creatures vanquished.

Grand Total: 45 creatures vanquished

Notes
Turn   | Place    | Note
--------------------------------------------------------------
     0 | D        | Kidiri the Spriggan Assassin began the quest for the Orb.
     0 | D        | Reached XP level 1. HP: 10/10 MP: 2/2
     8 | D        | Reached skill level 6 in Stealth
     8 | D        | Reached XP level 2. HP: 15/15 MP: 3/3
    20 | D        | Noticed an oklob sapling
    21 | D        | Killed an oklob sapling
    21 | D        | Reached skill level 7 in Stealth
    21 | D        | Reached XP level 3. HP: 19/19 MP: 4/4
    25 | D        | Reached skill level 5 in Dodging
    25 | D        | Reached skill level 8 in Stealth
    57 | D        | Found a snail-covered altar of Cheibriados.
    57 | D        | Found a glowing silver altar of Zin.
    57 | D        | Found a white marble altar of Elyvilon.
    58 | D        | Found a viscous altar of Jiyva.
    58 | D        | Found a radiant altar of Vehumet.
    58 | D        | Found a deep blue altar of Sif Muna.
    58 | D        | Found a burning altar of Makhleb.
    58 | D        | Found an oddly glowing altar of Pakellas.
    58 | D        | Found an ancient bone altar of Kikubaaqudgha.
    58 | D        | Found a bloodstained altar of Trog.
    58 | D        | Found a corrupted altar of Lugonu.
    58 | D        | Found a sacrificial altar of Ru.
    58 | D        | Noticed an oklob sapling priest
    59 | D        | Found a glowing golden altar of the Shining One.
    59 | D        | Found a sparkling altar of Nemelex Xobeh.
    60 | D        | Found a shadowy altar of Dithmenos.
    61 | D        | Found an iron altar of Okawaru.
    61 | D        | Found a shimmering altar of Xom.
    62 | D        | Found an opulent altar of Gozag.
    63 | D        | Found a basalt altar of Yredelemnul.
    63 | D        | Found a roughly hewn altar of Beogh.
    64 | D        | Killed an oklob sapling priest
    64 | D        | Reached skill level 5 in Short Blades
    64 | D        | Reached skill level 9 in Stealth
    64 | D        | Reached skill level 1 in Evocations
    64 | D        | Reached XP level 4. HP: 24/24 MP: 2/6
    65 | D        | Found a stormy altar of Qazlal.
    69 | D        | Became a worshipper of Dithmenos the Shadowed
   161 | D        | Reached XP level 5. HP: 28/28 MP: 4/7
   173 | D        | Reached skill level 10 in Stealth
   182 | D        | Reached * piety under Dithmenos
   204 | D        | Found Atefujy's Antique Weapon Shop.
   204 | D        | Found Meerph's Antique Weapon Emporium.
   301 | D        | Noticed a burning bush
   301 | D        | Noticed a wandering mushroom
   302 | D        | Noticed a wandering mushroom
   541 | D        | Reached XP level 6. HP: 22/33 MP: 8/10
  1063 | D        | Reached skill level 11 in Stealth
  1097 | D        | Bought a runed short sword for 96 gold pieces
  1182 | D        | Noticed a queen bee
  1187 | D        | Killed a queen bee
  1187 | D        | Reached skill level 5 in Throwing
  1187 | D        | Reached skill level 10 in Dodging
  1187 | D        | Reached skill level 12 in Stealth
  1187 | D        | Reached skill level 5 in Evocations
  1187 | D        | Reached XP level 7. HP: 38/38 MP: 9/12
  1191 | D        | Reached ** piety under Dithmenos
  1336 | D        | Noticed an oklob plant
  1338 | D        | Killed an oklob plant
  1338 | D        | Reached skill level 5 in Fighting
  1338 | D        | Reached skill level 13 in Stealth
  1338 | D        | Reached XP level 8. HP: 43/43 MP: 12/14
  1654 | D        | Killed a burning bush
  1654 | D        | Reached skill level 10 in Short Blades
  1654 | D        | Reached skill level 14 in Stealth
  1662 | D        | Killed a wandering mushroom
  1783 | D        | Found Ikupp's Jewellery Shoppe.
  1784 | D        | Found Vutode Largh's Book Emporium.
  1843 | D        | Noticed a burning bush
  1846 | D        | Killed a burning bush
  1846 | D        | Reached skill level 1 in Invocations
  1849 | D        | Got a faintly glowing marble ring
  1850 | D        | Identified the ring of the Komtur {+Inv rC+ EV+3} (You found it in the Dungeon)
  1860 | D        | Noticed a burning bush
  1860 | D        | Noticed an oklob plant
  1861 | D        | Noticed a wandering mushroom
  1862 | D        | Killed a burning bush
  1862 | D        | Reached *** piety under Dithmenos
  1862 | D        | Reached skill level 15 in Stealth
  1862 | D        | Reached XP level 9. HP: 48/48 MP: 14/16
  1867 | D        | Killed an oklob plant
  1871 | D        | Killed a wandering mushroom
  2054 | D        | Noticed a spriggan druid
  2077 | D        | Killed a spriggan druid
  2077 | D        | Reached skill level 16 in Stealth
  2157 | D        | Noticed an oklob plant conjurer
  2158 | D        | Killed an oklob plant conjurer
  2171 | D        | Noticed an oklob plant
  2171 | D        | Noticed an oklob plant summoner
  2172 | D        | Noticed an oklob plant shifter
  2179 | D        | Killed an oklob plant
  2179 | D        | Reached XP level 10. HP: 53/53 MP: 8/18
  2186 | D        | Killed an oklob plant summoner
  2186 | D        | Reached skill level 15 in Dodging
  2189 | D        | Killed an oklob plant shifter
  2189 | D        | Reached skill level 17 in Stealth
  2349 | D        | Noticed a spriggan rider
  2350 | D        | Found Vaonethu's Book Emporium.
  2351 | D        | Found Kodurch's General Store.
  2354 | D        | Killed a spriggan rider
  2354 | D        | Reached skill level 10 in Evocations
  2355 | D        | Reached skill level 5 in Invocations
  2359 | D        | Bought a potion of heal wounds for 65 gold pieces
  2373 | D        | Got a slimy golden amulet
  2374 | D        | Identified the amulet "Osuez" {Inacc +Inv rF++ MR- Int+2} (You found it in the Dungeon)
  2520 | D        | Noticed Agnes
  2522 | D        | Found Loageo Zoduo's Jewellery Emporium.
  2522 | D        | Noticed a spriggan berserker
  2524 | D        | Found Loymop's General Store.
  2525 | D        | Killed Agnes
  2525 | D        | Reached skill level 18 in Stealth
  2529 | D        | Killed a spriggan berserker
  2529 | D        | Reached XP level 11. HP: 59/59 MP: 13/20
  2539 | D        | Noticed a spriggan defender
  2544 | D        | Killed a spriggan defender
  2679 | D        | Noticed a spriggan rider
  2684 | D        | Killed a spriggan rider
  2684 | D        | Reached **** piety under Dithmenos
  2684 | D        | Reached skill level 19 in Stealth
  2843 | D        | Noticed a ghost moth
  2844 | D        | Found Keawecw's Antique Weapon Emporium.
  2844 | D        | Found Neizuogh's Magic Scroll Boutique.
  2844 | D        | Found Ceebb's Magic Scroll Shoppe.
  2912 | D        | Slain by a ghost moth

Vault maps used:
D:        dungeon_sprint_fedhas

Skill      XL: |  1  2  3  4  5  6  7  8  9 10 11 |
---------------+----------------------------------+-----
Fighting       | 2 3 4 5 6 7 8 |  8.0
Short Blades   | 3 4 5 7 8 9 10 12 13 14 | 14.0
Dodging        | 3 4 6 7 8 10 11 13 14 16 17 | 17.3
Stealth        | 6 7 9 10 12 13 15 16 18 19 | 19.1
Throwing       | 3 4 5 6 7 8 9 |  9.7
Evocations     | 1 2 4 5 6 8 9 10 11 | 11.4
Invocations    | 1 3 5 6 |  6.4

Action                   |  1- 3 |  4- 6 |  7- 9 | 10-12 || total
-------------------------+-------+-------+-------+-------++-------
Melee: Dagger            |     5 |    12 |       |       ||    17
       Short sword       |       |     1 |    74 |    45 ||   120
 Fire: Blowgun           |       |    11 |    10 |     8 ||    29
Invok: Shadow Step       |       |       |     2 |     7 ||     9
 Abil: Evoke Invisibilit |     1 |     4 |     5 |     4 ||    14
  Use: Potion            |       |       |     2 |     3 ||     5
 Stab: Sleeping          |     4 |     3 |     8 |     9 ||    24
       Invisible         |       |       |     5 |     2 ||     7
  Eat: Royal jelly       |       |       |     3 |       ||     3
       Bread ration      |       |       |       |     1 ||     1
Armor: Robe              |       |       |       |     2 ||     2
Dodge: Dodged            |       |    11 |    34 |    66 ||   111
Block: Buckler           |       |     5 |     5 |    15 ||    25
